 Dungeon Crawl Stone Soup version 0.22.1-1-ga44c0e5 (webtiles) character file.

20657 Lauz the Fencer (level 12, -2/111 HPs)
             Began as a Minotaur Berserker on Oct 30, 2018.
             Was a High Priest of Trog.
             Slain by a fire crab (7 damage)
             ... on level 3 of the Lair of Beasts.
             The game lasted 00:46:56 (17002 turns).

Lauz the Fencer (Minotaur Berserker)               Turns: 17002, Time: 00:46:57

Health: -2/111     AC: 16    Str: 27    XL:     12   Next: 47%
Magic:  11/11      EV: 10    Int:  4    God:    Trog [*****.]
Gold:   869        SH:  4    Dex: 12    Spells: 11/11 levels left

rFire    + . .     SeeInvis .   R - +3 scimitar (freeze)
rCold    + . .     Gourm    .   (no shield)
rNeg     . . .     Faith    .   q - +0 chain mail
rPois    +         Spirit   .   (helmet restricted)
rElec    +         Reflect  +   (no cloak)
rCorr    +         Harm     .   (no gloves)
MR       ++...                  X - +0 pair of boots
Stlth    ..........             f - +4 amulet of reflection
HPRegen  1.28/turn              l - +2 ring of strength
MPRegen  0.12/turn              w - +2 ring of protection

@: resistant, regenerating
A: retaliatory headbutt, horns 2
a: Berserk, Trog's Hand, Brothers in Arms, Renounce Religion


You were on level 3 of the Lair of Beasts.
You worshipped Trog.
Trog was extremely pleased with you.
You were very hungry.

You visited 2 branches of the dungeon, and saw 13 of its levels.
You also visited: Labyrinth.

You collected 869 gold pieces.

Inventory:

Hand Weapons
 a - a +0 falchion
 R - a +3 scimitar of freezing (weapon)
 U - the +5 morningstar of Lueggem {freeze, +Blink rF+ Stlth+}
   (You found it in a labyrinth)

   It has been specially enchanted to freeze those struck by it, causing extra
   injury to most foes and up to half again as much damage against particularly
   susceptible opponents.
   It can also slow down cold-blooded creatures.
   It protects you from fire.
   It lets you blink.
   It makes you more stealthy.
 V - the +9 heavy crossbow "Sniper" {velocity, Acc+∞ SInv}
   (You took it off a minotaur in a labyrinth)

   Any bolt fired from it inflicts extra damage.
   It lets you see invisible.
 W - a +0 scimitar of flaming
Missiles
 b - 64 bolts
Armour
 q - a +0 chain mail (worn)
 X - a +0 pair of boots (worn)
Jewellery
 d - an uncursed ring of protection from cold
 f - a +4 amulet of reflection (around neck)
 l - a +2 ring of strength (left hand)
 o - an uncursed amulet of the gourmand
 r - an uncursed amulet of the gourmand
 s - an uncursed amulet of guardian spirit {unknown}
 t - an uncursed amulet of the acrobat
 w - a +2 ring of protection (right hand)
 y - an uncursed ring of positive energy
Wands
 z - a wand of digging (11)
 B - a wand of paralysis (6)
 D - a wand of acid (26)
 E - a wand of disintegration (14)
 I - a wand of iceblast (26)
 S - a wand of polymorph (31)
 T - a wand of flame (37)
Scrolls
 e - 8 scrolls of remove curse
 g - 4 scrolls of magic mapping
 j - 3 scrolls of amnesia {unknown}
 m - 2 scrolls of enchant armour {unknown}
 v - 4 scrolls of teleportation {unknown}
 x - 3 scrolls of enchant weapon {unknown}
 A - 3 scrolls of immolation
 C - 2 scrolls of noise {unknown}
 K - 2 scrolls of silence {unknown}
 L - 2 scrolls of fear {unknown}
 M - 2 scrolls of fog {unknown}
 P - 8 scrolls of identify
Potions
 h - 3 potions of might
 i - 2 potions of flight {unknown}
 k - 2 potions of mutation
 n - a potion of cancellation
 p - 4 potions of curing
 F - a potion of agility
 G - a potion of haste {unknown}
 H - 2 potions of magic
 J - 2 potions of invisibility
 N - a potion of berserk rage
 O - a potion of resistance
Comestibles
 c - 23 rations


   Skills:
 + Level 11.7 Fighting
 + Level 16.5 Long Blades
 * Level 5.7 Crossbows
 * Level 12.5 Armour
 - Level 2.1 Dodging
 - Level 1.1 Stealth


You had 11 spell levels left.
You didn't know any spells.
Your spell library was empty.

Dungeon Overview and Level Annotations

Branches:
Dungeon (10/15)            Temple (0/1) D:7            Lair (3/6) D:10
  Snake (0/4) Lair:2
  Swamp: Lair:2-4    Shoals: Lair:2-4       Orc: D:9-12

Altars:
Elyvilon
Kikubaaqudgha
Vehumet
Xom
Zin
The Shining One

Annotations:
D:6 3 runed doors, Jaiteiro's ghost, novice DDNe; Ymberto's ghost, novice OpTm; jombi's ghost, novice GnCK
Lair:3 1 transporter


Innate Abilities, Weirdness & Mutations

You reflexively headbutt those who attack you in melee.
You have a pair of horns on your head.


Message History

The fire elemental hits you. The fire elemental burns you! You resist.
The fire crab breathes flames at you. The blast of flame engulfs you!
You resist. The fire crab bites you.
You are engulfed in flames.
You resist.
* * * LOW HITPOINT WARNING * * *
The fire crab claws you.
* * * LOW HITPOINT WARNING * * *
You are engulfed in flames.
You resist.
* * * LOW HITPOINT WARNING * * *
Okay, then.
Okay, then.
Your skin crawls.
You feel resistant to hostile enchantments.
You are feeling very hungry.
You are engulfed in blazing flames.
You resist.
* * * LOW HITPOINT WARNING * * *
The fire elemental barely misses you. The fire crab bites you.
* * * LOW HITPOINT WARNING * * *
You are engulfed in flames!
You resist.
You die...

.. ....................... ##..
.......................
P+...............................
.........#######.................
.#)......#§§§§§########........#
##.......#§§§§§#§§§§§§#.......##
.........#§§§§§#§§§§§§#.......#
P####....#%!§§§t.#.#§§#......##
.....+..©#©)§§EE@..©§§#©.....#
#........#([§§§t.#.#§.#......#
.........#§§§§§#§§§§§§#......#
.........#§§§§§#§§§§§§#......#
#........#§§§§§########......##
#........#######.............P###
+................................
##..#....(.......................
.................................


You could see 2 fire crabs and 2 fire elementals.

Vanquished Creatures
  A minotaur (Lab)
  A hydra (Lair:2)
  A two-headed ogre (D:8)
  2 oklob plants (Lair:2)
  The ghost of bmj180 the Ruffian, a novice TrFi (D:5)
  A black mamba (Lair:1)
  6 spiny frogs
  2 rime drakes (Lair:3)
  A komodo dragon (Lair:1)
  A troll (D:9)
  Prince Ribbit (D:7)
  Grinder (D:6)
  4 hippogriffs
  A fire elemental (Lair:3)
  A fire bat (Lair:3)
  32 yaks
  A basilisk (Lair:1)
  A steam dragon (D:9)
  A soldier ant (D:10)
  A naga (Lair:2)
  5 water moccasins
  3 porcupines
  An orc warrior (D:10)
  2 black bears (D:9)
  3 phantoms
  A sky beast (D:9)
  5 ice beasts
  5 ogres
  An eye of draining (D:10)
  3 centaurs
  23 wolves
  2 big kobolds
  8 crocodiles
  9 bullfrogs
  A gnoll sergeant (D:10)
  3 scorpions (D:5)
  6 killer bees
  3 howler monkeys
  6 electric eels (D:10)
  2 crimson imps
  2 bullfrog zombies
  2 orc priests
  4 jellies
  A bullfrog skeleton (D:8)
  7 hounds
  Jessica (D:2)
  6 worker ants
  10 orc wizards
  Terence (D:3)
  3 hound skeletons
  A worker ant zombie (D:7)
  4 gnolls (D:10)
  8 adders
  A shadow imp (D:9)
  7 oozes
  2 adder zombies (D:9)
  3 worms
  6 dart slugs
  5 leopard geckos
  30 orcs
  5 giant cockroaches
  5 goblins
  7 hobgoblins
  4 jackals (D:9)
  3 quokkas
  3 bats (D:1)
  3 frilled lizards
  16 kobolds
  9 rats
  A plant (Lair:2)
313 creatures vanquished.

Vanquished Creatures (others)
  2 fungi (Lair:1)
  4 toadstools (D:1)
  2 withered plants (D:6)
8 creatures vanquished.

Grand Total: 321 creatures vanquished

Notes
Turn   | Place    | Note
-------+----------+-------------------------------------------
     0 | D:1      | Lauz the Minotaur Berserker began the quest for the Orb.
     0 | D:1      | Reached XP level 1. HP: 19/19 MP: 0/0
    80 | D:1      | Reached skill level 4 in Long Blades
   137 | D:1      | Reached XP level 2. HP: 27/27 MP: 1/1
   803 | D:2      | Reached ** piety under Trog
   803 | D:2      | Reached XP level 3. HP: 29/33 MP: 2/2
  1019 | D:2      | Noticed Jessica
  1029 | D:2      | Killed Jessica
  1029 | D:2      | Reached skill level 5 in Long Blades
  1527 | D:3      | Reached XP level 4. HP: 41/41 MP: 3/3
  1777 | D:3      | Noticed Terence
  1792 | D:3      | Killed Terence
  1792 | D:3      | Reached skill level 6 in Long Blades
  1792 | D:3      | Reached XP level 5. HP: 47/47 MP: 4/4
  1883 | D:3      | Noticed an ice beast
  2555 | D:3      | Killed an ice beast
  2555 | D:3      | Reached skill level 5 in Fighting
  2555 | D:3      | Reached skill level 7 in Long Blades
  2555 | D:3      | Reached skill level 1 in Stealth
  2555 | D:3      | Reached XP level 6. HP: 26/56 MP: 5/5
  3127 | D:4      | Reached skill level 8 in Long Blades
  3766 | D:5      | Entered Level 5 of the Dungeon
  3857 | D:5      | Reached XP level 7. HP: 44/61 MP: 6/6
  3974 | D:5      | Reached *** piety under Trog
  4152 | D:5      | Reached skill level 9 in Long Blades
  4380 | D:5      | Found a runed door.
  4380 | D:5      | Noticed bmj180's ghost (novice TrFi)
  4402 | D:5      | Killed bmj180's ghost
  4402 | D:5      | Reached skill level 10 in Long Blades
  4402 | D:5      | Reached XP level 8. HP: 24/70 MP: 7/7
  4760 | D:5      | Found a glowing silver altar of Zin.
  4760 | D:5      | Found a faded altar of an unknown god.
  4765 | D:5      | Found an ancient bone altar of Kikubaaqudgha.
  4767 | D:5      | Found a radiant altar of Vehumet.
  4769 | D:5      | Found a white marble altar of Elyvilon.
  5047 | D:5      | Found a glowing golden altar of the Shining One.
  5084 | D:5      | Reached skill level 11 in Long Blades
  5170 | D:5      | Found a burning altar of Makhleb.
  5172 | D:5      | Found a hazy altar of Hepliaklqana.
  5172 | D:5      | Found a snail-covered altar of Cheibriados.
  5176 | D:5      | Found a bloodstained altar of Trog.
  5176 | D:5      | Found a shimmering altar of Xom.
  5176 | D:5      | Found a white marble altar of Elyvilon.
  5315 | D:6      | Found a runed gate.
  5315 | D:6      | Found a runed gate.
  5315 | D:6      | Found a runed gate.
  5315 | D:6      | Noticed Jaiteiro's ghost (novice DDNe)
  5316 | D:6      | Noticed Ymberto's ghost (novice OpTm)
  5316 | D:6      | Noticed jombi's ghost (novice GnCK)
  5438 | D:6      | Noticed Grinder
  5448 | D:6      | Killed Grinder
  5996 | D:7      | Reached skill level 12 in Long Blades
  6000 | D:7      | Noticed a hippogriff
  6014 | D:7      | Killed a hippogriff
  6198 | D:7      | Found a staircase to the Ecumenical Temple.
  6233 | D:7      | Noticed Prince Ribbit
  6245 | D:7      | Killed Prince Ribbit
  6245 | D:7      | Reached XP level 9. HP: 41/79 MP: 8/8
  6647 | D:8      | Reached skill level 13 in Long Blades
  6924 | D:8      | Reached **** piety under Trog
  6972 | D:8      | Noticed a two-headed ogre
  6987 | D:8      | Killed a two-headed ogre
  6987 | D:8      | Reached skill level 14 in Long Blades
  7966 | D:9      | Reached XP level 10. HP: 75/90 MP: 9/9
  7983 | D:9      | Reached skill level 15 in Long Blades
  9575 | D:10     | Entered Level 10 of the Dungeon
 10354 | D:9      | Reached skill level 10 in Fighting
 10354 | D:9      | Reached skill level 5 in Armour
 10954 | D:10     | Reached ***** piety under Trog
 11605 | D:10     | Reached XP level 11. HP: 89/100 MP: 10/10
 12005 | D:10     | Found a staircase to the Lair.
 13424 | Lair:1   | Entered Level 1 of the Lair of Beasts
 13430 | D:10     | Reached skill level 16 in Long Blades
 13651 | Lair:1   | Received a gift from Trog
 14189 | Lair:1   | Reached skill level 10 in Armour
 14855 | Lair:2   | Noticed a four-headed hydra
 14856 | Lair:2   | Found a labyrinth entrance.
 14942 | Lair:2   | Killed a nine-headed hydra
 14958 | Lab      | Entered a labyrinth
 15258 | Lab      | Noticed a minotaur
 15265 | Lab      | Killed a minotaur
 15273 | Lab      | Got a crystal morningstar
 15288 | Lair:2   | Identified the +5 morningstar of Lueggem {freeze, +Blink
                  | rF+ Stlth+} (You found it in a labyrinth)
 15354 | Lair:2   | Noticed an oklob plant
 15361 | Lair:2   | Reached XP level 12. HP: 110/110 MP: 11/11
 15562 | Lair:2   | Reached skill level 1 in Crossbows
 15971 | Lair:2   | Found a staircase to the Snake Pit.
 16583 | Lair:2   | Identified the Compendium of Evil Rituals and Hexes
 16790 | Lair:3   | Reached skill level 5 in Crossbows
 16846 | Lair:3   | Received a gift from Trog
 16917 | Lair:3   | Found a transporter.
 16919 | Lair:3   | Found the +7 Spriggan's Knife {MR+ EV+4 Dex+4 Stlth+}
 16941 | Lair:3   | Found a transporter.
 17002 | Lair:3   | HP: 5/111 [fire crab (6)]
 17002 | Lair:3   | Slain by a fire crab

Skill      XL: |  1  2  3  4  5  6  7  8  9 10 11 12 |
---------------+-------------------------------------+-----
Long Blades    | 4 5 6 7 8 10 12 14 15 16 | 16.5
Fighting       | 4 5 6 7 8 10 11 | 11.7
Stealth        | 1 |  1.1
Armour         | 6 11 12 | 12.5
Crossbows      | 5 |  5.7
Dodging        | |  2.1

Action                   |  1- 3 |  4- 6 |  7- 9 | 10-12 || total
-------------------------+-------+-------+-------+-------++-------
Melee: Falchion          |    52 |   126 |   240 |   429 ||   847
       Headbutt          |    15 |    16 |    60 |   158 ||   249
       Scimitar          |       |       |       |   128 ||   128
 Fire: Heavy crossbow    |       |       |       |    56 ||    56
Invok: Berserk           |       |     2 |     2 |     2 ||     6
       Trog's Hand       |       |       |       |     2 ||     2
  Use: Scroll            |       |       |     3 |    11 ||    14
       Potion            |       |       |       |     2 ||     2
 Stab: Sleeping          |     1 |     1 |     1 |       ||     3
  Eat: Chunk             |     1 |     9 |     7 |    22 ||    39
       Ration            |       |       |     3 |     5 ||     8
Armor: Animal skin       |    10 |     6 |    26 |     8 ||    50
       Chain mail        |       |       |       |   185 ||   185
Dodge: Dodged            |    33 |    67 |   111 |   213 ||   424
Block: Other             |       |       |    19 |    79 ||    98
       Reflection        |       |       |       |     3 ||     3
       Rpst.: Falchion   |    15 |    19 |    34 |    32 ||   100
       Scimitar          |       |       |       |    21 ||    21
